Map: Terrasses de Prion

Players

CataciD

  • Race: Zerg Zerg
  • League: Diamond

Kuja - Winner!

  • Race: Protoss Protoss
  • League: Diamond

VOD

Have the link to the VOD?

Description

Time

  • Played on: March 29, 2016, 1:19 p.m.
  • Length: 11:31
Show
View Real Time Build Order
Export as new Build Order

CataciD Zerg 

Build Orders: Hatch First 

Get SALT Encoding   

  12  0:01  Drone  
  13  0:12  Overlord  
  13  0:18  Drone  
  14  0:30  Drone x2  
  17  0:35  Drone  
  17  0:52  Hatchery  
  17  0:56  Drone  
  17  0:57  Drone  
  17  1:01  Extractor  
  17  1:13  Spawning Pool  
  17  1:16  Drone  
  17  1:24  Drone  
  18  1:29  Drone  
  19  1:45  Overlord  
  19  2:01  Queen  
  21  2:10  Spine Crawler  
  21  2:12  Spine Crawler  
  21  2:13  Zergling x6  
  21  2:15  Zergling x2  
  22  2:28  Zergling x2  
  22  2:29  Zergling x2  
  23  2:43  Zergling x6  
  22  2:57  Zergling x6  
  24  3:03  Evolution Chamber  
  22  3:07  Zergling x4  
  23  3:32  Hatchery  
  23  3:33  Drone  
  23  3:37  Drone x2  
  25  3:54  Zerg Melee Weapons Level 1  
  25  4:20  Drone x4  
  29  4:32  Overlord x2  
  29  4:52  Drone  
  29  4:53  Drone x3  
  29  4:58  Metabolic Boost  
  30  5:08  Hatchery  
  30  5:12  Drone x5  
  31  5:15  Extractor  
  31  5:17  Extractor  
  29  5:28  Roach Warren  
  28  5:38  Drone  
  29  6:01  Queen  
  31  6:08  Roach x5  
  31  6:09  Roach  
  31  6:10  Zergling x6  
  31  6:11  Zergling x2  
  47  6:19  Overlord  
  47  6:22  Zerg Missile Weapons Level 1  
  47  6:30  Ravager x3  
  50  6:40  Roach x4  
  58  6:51  Overlord x2  
  58  7:11  Drone  
  58  7:12  Drone x2  
  61  7:20  Spore Crawler x2  
  57  7:36  Spore Crawler  
  53  7:44  Zergling x24  
  65  7:57  Ravager x4  
  65  7:58  Ravager x3  
  72  7:59  Zergling x4  
  73  8:10  Zergling x2  
  74  8:13  Overlord x2  
  74  8:22  Overlord x2  
  56  8:44  Zergling x2  
  56  8:45  Zergling x14  
  43  9:01  Drone  
  43  9:02  Drone x7  
  45  9:07  Spore Crawler  
  44  9:11  Zerg Ground Armor Level 1  
  44  9:15  Evolution Chamber  
  40  9:25  Drone x2  
  42  9:32  Drone x6  
  42  9:33  Drone x2  
  42  9:37  Lair  
  50  9:53  Drone x3  
  50  9:54  Drone x3  
  50  9:55  Overlord  
  56  10:02  Queen  
  56  10:22  Roach x8  
  54  10:52  Roach x7  
Show
View Real Time Build Order
Export as new Build Order

Kuja Protoss - Winner!

Build Orders:  

Get SALT Encoding   

  12  0:01  Probe (Chrono Boost)  
  13  0:11  Probe (Chrono Boost)  
  14  0:22  Probe (Chrono Boost)  
  14  0:25  Pylon  
  15  0:43  Forge, Probe (Chrono Boost)  
  16  0:54  Probe (Chrono Boost)  
  17  1:04  Probe (Chrono Boost)  
  18  1:15  Pylon  
  19  1:18  Probe (Chrono Boost)  
  19  1:35  Photon Cannon x2  
  19  2:00  Nexus  
  19  2:07  Pylon  
  19  2:27  Gateway  
  19  2:29  Photon Cannon  
  19  2:30  Assimilator  
  19  2:35  Assimilator  
  19  2:40  Photon Cannon  
  19  2:50  Probe (Chrono Boost)  
  20  2:54  Gateway  
  20  3:00  Probe (Chrono Boost)  
  21  3:11  Probe (Chrono Boost)  
  22  3:15  Cybernetics Core  
  22  3:19  Probe (Chrono Boost)  
  23  3:21  Probe (Chrono Boost)  
  23  3:22  Pylon  
  24  3:34  Probe (Chrono Boost)  
  25  3:36  Probe (Chrono Boost)  
  26  3:46  Probe (Chrono Boost)  
  26  3:47  Gateway  
  27  3:52  Adept (Chrono Boost)  
  27  3:53  Adept (Chrono Boost)  
  31  4:01  Probe (Chrono Boost)  
  31  4:02  Stargate  
  32  4:04  Warp Gate  
  33  4:13  Probe  
  33  4:16  Mothership Core  
  35  4:23  Pylon  
  35  4:25  Probe  
  35  4:27  Assimilator  
  35  4:30  Assimilator  
  36  4:33  Adept x2 (Chrono Boost)  
  41  4:47  Adept (Chrono Boost)  
  39  4:54  Pylon  
  39  5:16  Probe x2  
  41  5:37  Probe  
  42  5:58  Pylon  
  42  6:01  Protoss Ground Weapons Level 1 (Chrono Boost), Pylon  
  42  6:11  Oracle (Chrono Boost)  
  42  6:13  Stalker x2, Nexus  
  42  6:16  Assimilator  
  49  6:19  Assimilator  
  49  6:22  Photon Cannon, Pylon  
  49  6:26  Probe x2 (Chrono Boost)  
  51  6:37  Probe x2 (Chrono Boost)  
  53  6:45  Oracle (Chrono Boost)  
  56  6:52  Probe x2 (Chrono Boost)  
  58  7:01  Probe  
  58  7:04  Probe  
  58  7:06  Robotics Facility  
  58  7:07  Twilight Council  
  59  7:34  Stalker x3  
  65  7:38  Void Ray (Chrono Boost)  
  69  7:50  Blink (Chrono Boost)  
  69  7:54  Immortal (Chrono Boost)  
  73  8:10  Stalker x2  
  77  8:19  Pylon  
  77  8:20  Pylon x2  
  65  8:45  Nexus  
  65  8:46  Stalker x2  
  65  8:47  Stalker, Assimilator  
  65  8:52  Assimilator  
  65  9:02  Probe x2  
  67  9:08  Pylon  
  67  9:12  Protoss Ground Weapons Level 2 (Chrono Boost)  
  67  9:14  Probe x2  
  69  9:25  Void Ray  
  69  9:26  Stalker, Probe x2  
  69  9:27  Stalker x2  
  77  9:37  Photon Cannon  
  81  9:38  Photon Cannon  
  81  9:55  Probe  
  81  9:56  Probe  
  81  9:57  Probe  
  84  10:03  Immortal (Chrono Boost)  
  84  10:06  Stalker  
  84  10:07  Stalker  
  92  10:25  Adept  
  83  10:38  Adept x2  
  87  10:47  Probe  
  87  10:48  Probe  
Tags
 
Add a new tag
Caveats
  • Supply blocks, unpowered buildings, or Contaminate may cause inaccurate times.
  • Supply counts are checked every 10 seconds.